 Dungeon Sprint DCSS version 0.28.0-47-ge53b351184 (webtiles) character file.

Game seed: 3651161236452157655

54 GigaChad the Protected (level 5, -4/53 HPs)
             Began as a Minotaur Fighter on May 2, 2022.
             Was a Plaything of Xom.
             Slain by a hornet (11 damage)
             ... while paralysed by a hornet
             ... in the Dungeon (Sprint VI: "Thunderdome").
             The game lasted 00:01:55 (296 turns).

GigaChad the Protected (Minotaur Fighter)            Turns: 296, Time: 00:01:56

Health: -4/53      AC:  8    Str: 20    XL:     5   Next: 44%
Magic:  4/4        EV:  2    Int:  5    God:    Xom [..*...]
Gold:   280        SH:  0    Dex: 12    Spells: 4/4 levels left

rFire   . . .      SeeInvis .   a - +0 long sword
rCold   . . .      Faith    .   c - +0 buckler
rNeg    . . .      Spirit   .   b - +0 scale mail
rPois   .          Reflect  .   (helmet restricted)
rElec   .          Harm     .   (no cloak)
rCorr   .          Rampage  .   (no gloves)
Will    .....      NoTele   +   (no boots)
Stlth   ..........              (no amulet)
HPRegen 0.17/turn               (no ring)
MPRegen 0.09/turn               (no ring)

@: paralysed
A: horns 2, retaliatory headbutt
a: Renounce Religion


You were in the Dungeon.
You worshipped Xom.
You were a toy of Xom.
You visited 1 branch You collected 280 gold pieces.

Inventory:

Hand Weapons
 a - a +0 long sword (weapon)
Armour
 b - a +0 scale mail (worn)
 c - a +0 buckler (worn)
Wands
 l - a wand of acid (5)
 m - a wand of iceblast (5)
Scrolls
 j - 4 scrolls of blinking
 n - 3 scrolls of fog
Potions
 d - a potion of might
 e - a potion of curing
 f - 4 potions of heal wounds
 g - 4 potions of haste
 h - 2 potions of magic
 i - a potion of berserk rage
 k - a potion of resistance


   Skills:
 + Level 7.9 Fighting
 + Level 6.4 Long Blades
 + Level 8.2 Armour
 + Level 0.1 Dodging
 + Level 7.6 Shields


You had 4 spell levels left.
You didn't know any spells.
Your spell library was empty.

Dungeon Overview and Level Annotations

Branches:
Dungeon (1/1)

Altars:
Cheibriados
Dithmenos
Fedhas
Gozag
Kikubaaqudgha
Makhleb
Okawaru
Qazlal
Ru
Sif Muna
Trog
Uskayaw
Vehumet
Wu Jian
Xom
Yredelemnul
Zin
The Shining One
Beogh
Lugonu

Shops:
D *[??*?*:[((!!!!


Innate Abilities, Weirdness & Mutations

You have a pair of horns on your head.
You reflexively headbutt those who attack you in melee.


Message History

* * * LOW HITPOINT WARNING * * *
Your Long Blades skill increases to level 6!
Your Armour skill increases to level 8!
Unknown command.
The endoplasm freezes you.
You are frozen.
* * * LOW HITPOINT WARNING * * *
The endoplasm freezes you.
You are frozen.
* * * LOW HITPOINT WARNING * * *
You slash the endoplasm!
You kill the endoplasm!
You start resting.
An endoplasm comes into view. 50...
You slash the endoplasm!
You kill the endoplasm!
Victory!
Score multiplier: 3x You now have 54 arena points (gained 42).
You now have 280 gold pieces (gained 60).
You start resting.
Get ready!
You start resting.
ROUND 3!
FIGHT!
You sense a tension in the south.
A hornet comes into view.
The hornet buzzes angrily.
A hornet is nearby!
A hornet is nearby!
A hornet is nearby!
A hornet is nearby!
The hornet stings you.
You suddenly lose the ability to move!
The hornet barely misses you. The hornet stings you!
* * * LOW HITPOINT WARNING * * *
You feel yourself slow down.
You feel yourself speed up. The hornet stings you!
You die...
Xom chuckles heartily!

#⌠...........⌠#
######.8.........8.####
##..._......###......___
###∩........8.# #.8.......
##.............###.........
#⌠..........###...###......
#⌠..........# #.<.# #......
#⌠..........###...###......
##........@....###.........
###∩.....y..8.# #.8.......
##∩__.......###......___
######.8.........8.####
#§...........⌠#
###.........### #_......._#
#_......._# #_......._#


You could see a hornet.

Vanquished Creatures
  2 crimson imps (D)
  2 iron imps (D)
  2 jellies (D)
  A shadow imp (D)
  4 endoplasms (D)
11 creatures vanquished.

Notes
Turn   | Place    | Note
-------+----------+-------------------------------------------
     0 | D        | GigaChad the Minotaur Fighter began the quest for the Orb.
     0 | D        | Reached XP level 1. HP: 19/19 MP: 0/0
     1 | D        | Found a shimmering blue altar of Sif Muna.
     1 | D        | Found a stormy altar of Qazlal.
     5 | D        | Round 1.
     7 | D        | Found a basalt altar of Yredelemnul.
     8 | D        | Found a radiant altar of Vehumet.
     9 | D        | Found a hide-covered altar of Uskayaw.
     9 | D        | Found Fijol's Identification Station.
     9 | D        | Noticed an iron imp
    10 | D        | Found Xuameit's Jewellery.
    10 | D        | Found Fahakh's Advanced Armour.
    14 | D        | Noticed a crimson imp
    18 | D        | Killed an iron imp
    19 | D        | Reached skill level 5 in Fighting
    19 | D        | Reached skill level 5 in Armour
    19 | D        | Reached skill level 5 in Shields
    19 | D        | Reached XP level 2. HP: 21/29 MP: 1/1
    21 | D        | Killed a crimson imp
    22 | D        | Reached skill level 6 in Armour
    22 | D        | Reached XP level 3. HP: 28/37 MP: 2/2
    22 | D        | Found a shadowy altar of Dithmenos.
    23 | D        | Found a burning altar of Makhleb.
    36 | D        | Found an iron altar of Okawaru.
    39 | D        | Found Goxkiq's Premium Goods.
    40 | D        | Found Nushrida's Miscellaneous Merchandise.
    40 | D        | Found Fadatota's Basic Armour.
    41 | D        | Found a corrupted altar of Lugonu.
    41 | D        | Found an ancient bone altar of Kikubaaqudgha.
    41 | D        | Found a bloodstained altar of Trog.
    41 | D        | Found Boiraec's Weapon Rack.
    45 | D        | Found a sacrificial altar of Ru.
    46 | D        | Found a blossoming altar of Fedhas.
    47 | D        | Found a snail-covered altar of Cheibriados.
    48 | D        | Found Idym's Do-It-Yourself Clinic.
    50 | D        | Found a glowing golden altar of the Shining One.
    50 | D        | Found an ornate altar of the Wu Jian Council.
    50 | D        | Found an opulent altar of Gozag.
    50 | D        | Found Raholif's Distillery.
    51 | D        | Found Gahem's Bottled Wisdom.
    51 | D        | Found Yceom's Distillery.
    54 | D        | Reached XP level 4. HP: 35/44 MP: 3/3
    58 | D        | Found a glowing silver altar of Zin.
    59 | D        | Found a shimmering altar of Xom.
    61 | D        | Found Ytobren's Staff Store.
    63 | D        | Found Helumoac's Must-Have Magic.
    63 | D        | Found Hyfasch's Magic Scroll Shop.
    64 | D        | Found Dohisch's Magic Scroll Shop.
    84 | D        | Arena points: 12 (+12) [x2]
    85 | D        | Reached skill level 5 in Long Blades
    85 | D        | Reached skill level 7 in Armour
    91 | D        | Became a worshipper of Xom of Chaos
   147 | D        | Round 2.
   201 | D        | Reached XP level 5. HP: 28/52 MP: 4/4
   210 | D        | Reached skill level 8 in Armour
   228 | D        | Arena points: 54 (+42) [x3]
   291 | D        | Round 3.
   291 | D        | Noticed a hornet
   294 | D        | Paralysed by a hornet for 3 turns
   296 | D        | Slain by a hornet

Illustrated notes

Levels and vault maps discovered:
D:        arena_sprint

Skill      XL: |  1  2  3  4  5 |
---------------+----------------+-----
Fighting       | 5 6 7 |  7.9
Long Blades    | 3 4 5 6 |  6.4
Armour         | 5 6 7 8 |  8.2
Shields        | 5 7 |  7.6
Dodging        | |  0.1

Action                   |  1- 3 |  4- 6 || total
-------------------------+-------+-------++-------
Melee: Long sword        |     9 |    24 ||    33
       Headbutt          |     1 |     5 ||     6
Armor: Scale mail        |     5 |    11 ||    16
Dodge: Dodged            |     4 |     9 ||    13
Block: Buckler           |     1 |     4 ||     5
